 Dungeon Crawl Stone Soup version 0.30-a0-728-gc68057be0a (webtiles) character file.

Game seed: 7113137068514793523

222 hikkokomori the Slasher (level 5, -4/42 HPs)
             Began as a Merfolk Gladiator on Jan 30, 2023.
             Slain by a gnoll
             ... wielding a +0 spear
              (8 damage)
             ... on level 3 of the Dungeon.
             The game lasted 00:03:18 (1639 turns).

hikkokomori the Slasher (Merfolk Gladiator)         Turns: 1639, Time: 00:03:19

Health: -4/42      AC:  7    Str: 19    XL:     5   Next: 99%
Magic:  5/5        EV: 11    Int:  6    God:
Gold:   170        SH:  0    Dex: 16    Spells: 4/4 levels left

rFire   . . .      SeeInvis .    a - +0 long sword
rCold   . . .      Faith    .    (no shield)
rNeg    . . .      Spirit   .    e - +0 scale mail
rPois   .          Reflect  .    c - +0 helmet
rElec   .          Harm     .    (no cloak)
rCorr   .          Rampage  .    (no gloves)
Will    .....      Rnd*Tele +    (no boots)
Stlth   +                        (no amulet)
HPRegen 0.00/turn                (no ring)
MPRegen 0.09/turn                (no ring)

@: weak-willed, inhibited regen
A: (nimble swimmer 2), mertail, fangs 1, inhibited regeneration, strong 1,
teleportitis 1
a: no special abilities


You were on level 3 of the Dungeon.
You visited 1 branch of the dungeon, and saw 3 of its levels.

You collected 170 gold pieces.

Inventory:

Hand Weapons
 a - a +0 long sword (weapon)
Missiles
 d - a throwing net (quivered)
Armour
 b - a +0 leather armour
 c - a +0 helmet (worn)
 e - a +0 scale mail (worn)
 f - a +0 plate armour
Wands
 o - a wand of flame (14)
Scrolls
 g - a scroll of brand weapon {unknown}
 h - a scroll of enchant armour {unknown}
 i - a scroll of vulnerability
 j - a scroll of blinking {unknown}
 k - 4 scrolls of identify
Potions
 m - a potion of brilliance
 n - a potion of ambrosia {unknown}


   Skills:
 + Level 4.2 Fighting
 + Level 5.3 Long Blades
 - Level 2.0 Throwing
 - Level 4.0 Dodging
 + Level 3.6 Stealth


You had 4 spell levels left.
You didn't know any spells.
Your spell library was empty.

Dungeon Overview and Level Annotations

Branches:
Dungeon (3/15)

Altars:
Uskayaw


Innate Abilities, Weirdness & Mutations

((You are very nimble when in or above water. (Stealth+, EV+, Speed+++)))
Your lower body shifts to a powerful aquatic tail in water.
You have very sharp teeth.
You do not regenerate when monsters are visible.
Your muscles are strong. (Str +4, Int/Dex -1)
You are occasionally teleported next to monsters.


Message History

You closely miss the scorpion. Your bite misses the scorpion.
The scorpion is moderately wounded.
The scorpion barely misses you. The gnoll barely misses you.
The scorpion stings you but does no damage.
You hit the scorpion.
The scorpion is heavily wounded.
The scorpion stings you. The gnoll closely misses you.
You hit the scorpion but do no damage.
You punch the scorpion, but do no damage.
The scorpion is heavily wounded.
The scorpion stings you but does no damage.
The gnoll hits you but does no damage.
You hit the scorpion.
The scorpion is severely wounded.
The scorpion barely misses you.
The gnoll hits you from afar with a +0 spear.
The scorpion stings you but does no damage.
You hit the scorpion.
The scorpion is almost dead.
The gnoll barely misses you. The scorpion stings you.
You slash the scorpion!
You kill the scorpion!
The gnoll hits you from afar with a +0 spear.
* * * LOW HITPOINT WARNING * * *
Your Fighting skill increases to level 4!
The gnoll barely misses you.
The gnoll hits you from afar with a +0 spear.
* * * LOW HITPOINT WARNING * * *
The gnoll hits you from afar with a +0 spear.
* * * LOW HITPOINT WARNING * * *
Okay, then.
As you read the scroll labelled ZER JAHAIKOE, it crumbles to dust.
Magic quickly surges around you.
It was a scroll of vulnerability.
The gnoll hits you but does no damage.
Okay, then.
As you read the scroll labelled WIQAIBY KIUW, it crumbles to dust.
It is a scroll of identify.
m - a potion of brilliance The gnoll hits you from afar with a +0 spear!
You die...

###.g#.g.####
#.# #..#
.......#....# #
#.# #..#
#.......# #.#.#
#..# #.###..>#
#.#.#####..## #
###.#
#...........#
#g#
###.####.####
#.# #.# #.#
#.#####.#####.#
#.#
#.......gg.@..#
#.#
###############
#.#
#.....####.#
#.#..<.....#
#.#.########
##.#.#...#
######..#.#.#.#
#.........#.#.#
#.####.####.#.#


You could see 2 gnolls.

Vanquished Creatures
  A scorpion (D:3)
  2 orc priests (D:2)
  An orc wizard (D:2)
  A gnoll (D:3)
  3 adders (D:2)
  A dart slug (D:2)
  2 orcs (D:2)
  2 ball pythons
  A giant cockroach (D:2)
  2 hobgoblins (D:1)
  4 jackals (D:1)
  5 kobolds
  A quokka (D:2)
  5 bats
  4 frilled lizards
  5 goblins (D:2)
  10 rats
50 creatures vanquished.

Notes
Turn   | Place    | Note
-------+----------+-------------------------------------------
     0 | D:1      | hikkokomori the Merfolk Gladiator began the quest for the
                  | Orb.
     0 | D:1      | Reached XP level 1. HP: 16/16 MP: 1/1
    34 | D:1      | Reached XP level 2. HP: 14/23 MP: 2/2
    63 | D:1      | Reached skill level 1 in Stealth
   324 | D:1      | Reached skill level 4 in Long Blades
   675 | D:2      | Reached XP level 3. HP: 26/28 MP: 3/3
   794 | D:2      | Found a hide-covered altar of Uskayaw.
   848 | D:2      | Reached XP level 4. HP: 24/35 MP: 4/4
   877 | D:2      | Reached XP level 5. HP: 3/42 MP: 5/5
  1047 | D:2      | Reached skill level 5 in Long Blades
  1624 | D:3      | Gained mutation: You do not regenerate when monsters are
                  | visible. [potion of mutation]
  1624 | D:3      | Gained mutation: You are occasionally teleported next to
                  | monsters. [potion of mutation]
  1624 | D:3      | Gained mutation: You have very sharp teeth. [potion of
                  | mutation]
  1624 | D:3      | Gained mutation: Your muscles are strong. (Str +4, Int/Dex
                  | -1) [potion of mutation]
  1639 | D:3      | Slain by a gnoll

Illustrated notes

Levels and vault maps discovered:
D:1:      psy_arrival_whirlpool, layout_rooms, minmay_rat_gold_closets
D:2:      minmay_wonky_spiral, layout_loops_ring, basic_altar
D:3:      layout_basic, minmay_snake_closets, uniq_grinder, uniq_robin

Skill      XL: |  1  2  3  4  5 |
---------------+----------------+-----
Stealth        | 1 2 3 |  3.6
Long Blades    | 4 5 |  5.3
Fighting       | 3 4 |  4.2
Throwing       | |  2.0
Dodging        | |  4.0

Action                     |  1- 3 |  4- 6 || total
---------------------------+-------+-------++-------
  Melee: Long sword        |    84 |    67 ||   151
         Tailslap          |     1 |       ||     1
         Punch             |       |     1 ||     1
  Throw: Throwing net      |       |     3 ||     3
         Javelin           |       |     1 ||     1
    Use: Scroll            |       |     2 ||     2
         Potion            |       |     1 ||     1
   Stab: Sleeping          |     5 |     2 ||     7
         Held in net/web   |       |     2 ||     2
 Armour: Leather armour    |    27 |     3 ||    30
         Scale mail        |       |    21 ||    21
  Dodge: Dodged            |    85 |    46 ||   131

Table legend: (Time is in decaauts)
 A = Elapsed time spent in this place.
 B = Non-inter-level travel time spent in this place.
 C = Inter-level travel time spent in this place.
 D = Time resting spent in this place.
 E = Time spent auto-exploring this place.
 F = Levels seen in this place.
 G = Mean time per level.
                   A        B        C        D        E       F      G
               +--------+--------+--------+--------+--------+-----+--------+
         Total |   1664 |   1606 |     58 |      0 |   1216 |   3 |  554.7 |
       Dungeon |   1664 |   1606 |     58 |      0 |   1216 |   3 |  554.7 |
               +--------+--------+--------+--------+--------+-----+--------+

Top non-repeatable levels by time:
     D:2: 966 daAuts
     D:1: 519 daAuts
     D:3: 178 daAuts
